 Dungeon Crawl Stone Soup version 0.25.1-2-g60ff931df9 (webtiles) character file.

Game seed: 13559849328423593768

230530 H0rd4k the Black Belt (level 19, 0/131 HPs)
             Began as an Octopode Transmuter on Aug 27, 2020.
             Was an Initiate of Gozag.
             Shot with an arrow by a deep elf archer (17 damage)
             ... on level 3 of the Elven Halls on Aug 31, 2020.
             The game lasted 03:23:37 (48313 turns).

H0rd4k the Black Belt (Octopode Transmuter)        Turns: 48313, Time: 03:23:40

Health: 0/131      AC: 13    Str: 19    XL:     19   Next: 2%
Magic:  35/35      EV: 26    Int: 23    God:    Gozag
Gold:   2870       SH:  0    Dex: 18    Spells: 7/42 levels left

rFire    + + +     SeeInvis +     - Unarmed
rCold    + + +     Gourm    .   (no shield)
rNeg     + + +     Faith    .   z - +2 hat {Int+3}
rPois    .         Spirit   .   q - amulet "Xukaytze" {Regen+ Int+4 Dex-3 Slay+3 SInv}
rElec    +         Reflect  .   L - ring "Venuwn" {rElec AC+4 Int-3 SInv}
rCorr    +         Harm     .   r - ring of Vexy {rC+ rN+ rCorr Stlth+}
MR       +....                  v - +6 ring of strength
Stlth    ++++++++++             u - ring of Shadows {Umbra +Inv Stlth+}
HPRegen  1.11/turn              K - ring of Gawk {*Corrode rN++ EV+4 Str-2 Dex+8}
MPRegen  0.24/turn              h - ring "Xoequr" {rF++ AC+4}
                                S - +4 ring of slaying
                                X - ring "Sairyth" {Wiz rElec Slay+2 Stlth+}

@: slowed, wreathed by umbra, very slow
A: almost no armour, stealthy swim, amphibious, 8 rings, constrict 8, tentacle
spike 2, repulsion field 1, slimy green scales 1, camouflage 1, cold resistance
2, deterioration 1, fire resistance 1, regeneration 1, strong 1, gelatinous body
1, evolution 1
}: 2/15 runes: decaying, gossamer
a: Potion Petition, Call Merchant, Bribe Branch, Renounce Religion, Evoke
Invisibility


You were on level 3 of the Elven Halls.
You worshipped Gozag.
Gozag was most pleased with you.
You were not hungry.

You visited 6 branches of the dungeon, and saw 30 of its levels.
You visited the Abyss 1 time.
You visited 1 bazaar.
You also visited: Ossuary and Ice Cave.

You collected 14410 gold pieces.
You spent 7643 gold pieces at shops.
You paid 3897 gold pieces to Gozag.

Inventory:

Hand Weapons
 p - the +8 shortbow "Fichycuu" {venom, Int+4}
   (You bought it in a shop on level 7 of the Dungeon)

   It poisons the ammo it fires.
   It affects your intelligence (+4).
Missiles
 d - 3 curare-tipped darts (quivered)
 o - 533 arrows
Armour
 z - a +2 hat of intelligence (worn)
Magical Staves
 Y - an uncursed staff of energy
Jewellery
 h - the ring "Xoequr" (on tentacle) {rF++ AC+4}
   (You bought it in a shop on level 11 of the Dungeon)

   [ring of protection]

   It affects your AC (+4).
   It greatly protects you from fire.
 q - the amulet "Xukaytze" (around mantle) {Regen+ Int+4 Dex-3 Slay+3 SInv}
   (You found it on level 2 of the Elven Halls)

   [amulet of regeneration]

   It affects your intelligence (+4).
   It affects your dexterity (-3).
   It affects your accuracy and damage with ranged weapons and melee attacks
   (+3).
   It lets you see invisible.
   It increases your rate of regeneration.
 r - the ring of Vexy (right tentacle) {rC+ rN+ rCorr Stlth+}
   (You bought it in a shop on level 11 of the Dungeon)

   [ring of resist corrosion]

   It protects you from cold.
   It protects you from negative energy.
   It provides partial protection from all sources of acid and corrosion.
   It makes you more stealthy.
 u - the ring of Shadows (on tentacle) {Umbra +Inv Stlth+}
   (You bought it in a shop on level 2 of the Orcish Mines)

   [ring of stealth]

   It lets you turn invisible.
   It makes you more stealthy.
 v - a +6 ring of strength (on tentacle)
 K - the ring of Gawk (on tentacle) {*Corrode rN++ EV+4 Str-2 Dex+8}
   (You bought it in a shop on level 7 of the Dungeon)

   [ring of evasion]

   It affects your evasion (+4).
   It affects your strength (-2).
   It affects your dexterity (+8).
   It greatly protects you from negative energy.
   It may corrode you when you take damage.
 L - the ring "Venuwn" (left tentacle) {rElec AC+4 Int-3 SInv}
   (You bought it in a shop on level 11 of the Dungeon)

   [ring of protection]

   It affects your AC (+4).
   It affects your intelligence (-3).
   It insulates you from electricity.
   It lets you see invisible.
 S - a +4 ring of slaying (on tentacle)
 X - the ring "Sairyth" (on tentacle) {Wiz rElec Slay+2 Stlth+}
   (You bought it in a shop on level 11 of the Dungeon)

   [ring of wizardry]

   It improves your spell success rate.
   It affects your accuracy and damage with ranged weapons and melee attacks
   (+2).
   It insulates you from electricity.
   It makes you more stealthy.
Wands
 s - a wand of enslavement (12)
 x - a wand of disintegration (2)
 y - a wand of clouds (5)
 H - a wand of flame (92)
 I - a wand of digging (14)
 J - a wand of iceblast (7)
 Z - a wand of acid (13)
Scrolls
 e - 11 scrolls of teleportation
 f - 5 scrolls of identify
 g - 7 scrolls of fog
 j - 3 scrolls of blinking
 m - 9 scrolls of remove curse
 w - 6 scrolls of magic mapping
 F - 6 scrolls of silence
 P - 5 scrolls of fear
 W - a scroll of holy word
Potions
 a - 7 potions of brilliance
 b - 6 potions of haste
 k - 13 potions of curing
 l - 6 potions of might
 t - 3 potions of heal wounds
 A - a potion of ambrosia
 B - 5 potions of stabbing
 C - 2 potions of flight
 E - 5 potions of magic
 G - 2 potions of cancellation
 T - 2 potions of berserk rage
 U - 5 potions of invisibility
Miscellaneous
 i - a tin of tremorstones (3/3)
 n - a lightning rod (4/4)
 D - a box of beasts
 O - a phantom mirror
 Q - a phial of floods
Comestibles
 c - 15 rations


   Skills:
 + Level 11.9 Fighting
 + Level 0.4 Staves
 + Level 15.1 Bows
 + Level 0.7 Throwing
 + Level 9.3 Dodging
 + Level 12.7 Stealth
 + Level 15.9 Unarmed Combat
 + Level 12.1 Spellcasting
 + Level 4.5 Conjurations
 + Level 2.2 Charms
 + Level 2.5 Translocations
 + Level 12.1 Transmutations
 + Level 2.3 Fire Magic
 + Level 2.6 Air Magic
 + Level 3.5 Poison Magic
 + Level 2.2 Evocations


You had 7 spell levels left.
You knew the following spells:

 Your Spells              Type           Power        Failure   Level  Hunger
a - Statue Form           Tmut/Erth      #####....    22%         6    #####..
b - Blink                 Tloc           N/A          1%          2    None
d - Swiftness             Chrm/Air       ####....     1%          2    None
e - Blade Hands           Tmut           ######....   1%          5    ####...
f - Sticks to Snakes      Tmut           ######..     1%          2    None
g - Ignite Poison         Fire/Tmut/Pois #####...     1%          3    None
h - Olgreb's Toxic Radia  Pois           ####....     4%          4    None
i - Irradiate             Conj/Tmut      ######....   1%          5    ####...
j - Hydra Form            Tmut           ######....   1%          6    #####..

Your spell library contained the following spells:

 Spells                   Type           Power        Failure   Level  Hunger
 Animate Skeleton         Necr           N/A          1%          1    None
 Apportation              Tloc           ####..       1%          1    None
 Beastly Appendage        Tmut           ######       1%          1    None
 Infusion                 Chrm           ###.         1%          1    None
 Magic Dart               Conj           ####         1%          1    None
 Pain                     Necr           ##..         1%          1    None
 Shock                    Conj/Air       ####         1%          1    None
 Sting                    Tmut/Pois      ####         1%          1    None
 Summon Butterflies       Summ           ##......     1%          1    None
 Summon Small Mammal      Summ           ##..         1%          1    None
 Poisonous Vapours        Pois/Air       ####..       1%          2    None
 Searing Ray              Conj           #####.       1%          2    None
 Shroud of Golubria       Chrm/Tloc      ###...       1%          2    None
 Song of Slaying          Chrm           ###.....     1%          2    None
 Conjure Flame            Conj/Fire      ####....     1%          3    None
 Gell's Gravitas          Tloc           ####......   1%          3    None
 Lesser Beckoning         Tloc           ####......   1%          3    None
 Mephitic Cloud           Conj/Pois/Air  ####....     1%          3    None
 Spider Form              Tmut/Pois      #####.....   1%          3    None
 Static Discharge         Conj/Air       ####....     1%          3    None
 Ice Form                 Ice/Tmut       #####...     1%          4    None
 Petrify                  Tmut/Erth      #####...     1%          4    None
 Alistair's Intoxication  Tmut/Pois      #####...     1%          5    ####...
 Call Imp                 Summ           ##......     2%          2    None
 Ensorcelled Hibernation  Hex/Ice        ##....       2%          2    None
 Slow                     Hex            ##......     2%          2    None
 Dazzling Flash           Conj/Hex       ###...       2%          3    None
 Ozocubu's Armour         Chrm/Ice       ###.....     3%          3    None
 Recall                   Summ/Tloc      N/A          3%          3    None
 Spectral Weapon          Hex/Chrm       ###.....     3%          3    None
 Iskenderun's Mystic Bla  Conj/Tloc      ####....     4%          4    None
 Yara's Violent Unravell  Hex/Tmut       #####.....   4%          5    ####...
 Call Canine Familiar     Summ           ##......     6%          3    None
 Confusing Touch          Hex            ##......     6%          3    None
 Summon Guardian Golem    Hex/Summ       ##......     6%          3    None
 Tukima's Dance           Hex            ##......     6%          3    None
 Vampiric Draining        Necr           ##........   6%          3    None
 Airstrike                Air            ####......   6%          4    None
 Fulminant Prism          Conj/Hex       ###.......   8%          4    None
 Summon Lightning Spire   Summ/Air       ###.....     11%         4    None
 Dragon Form              Tmut           ######....   11%         7    #######
 Lightning Bolt           Conj/Air       ####......   12%         5    ####...
 Animate Dead             Necr           N/A          17%         4    None
 Summon Ice Beast         Ice/Summ       ##......     17%         4    None
 Agony                    Necr           ##......     43%         5    ####...
 Metabolic Englaciation   Hex/Ice        ##........   43%         5    ####...
 Summon Demon             Summ           ##........   43%         5    ####...
 Summon Mana Viper        Hex/Summ       ##......     43%         5    ####...
 Invisibility             Hex            ##......     93%         6    #####..
 Summon Hydra             Summ           ##........   100%        7    #######


Dungeon Overview and Level Annotations

Branches:
Dungeon (11/15)            Temple (0/1) D:4            Lair (6/6) D:11
  Swamp (4/4) Lair:3       Spider (4/4) Lair:4        Slime (0/5) Lair:6
    Orc (2/2) D:10            Elf (3/3) Orc:2       Ossuary (visited)
  IceCv (visited)

Altars:
Dithmenos
Fedhas
Gozag
Kikubaaqudgha
Sif Muna
Vehumet
Wu Jian
Xom
The Shining One
Beogh
Jiyva

Shops:
D:7 (***(   D:11 :==:*   Orc:1 *   Orc:2 (=(   Elf:2 (


Innate Abilities, Weirdness & Mutations

You cannot wear most types of armour.
You are very stealthy in the water. (Stealth+)
You are amphibious.
You can wear up to eight rings at the same time.
You can use your tentacles to constrict eight enemies at once.
Your skin changes colour to match your surroundings (Stealth+).
Your rubbery body absorbs attacks. (AC +1, EV +1)
One of your tentacles bears a nasty spike.
You are surrounded by a mild repulsion field. (EV +2)
You are partially covered in slimy green scales. (AC +2)
Your flesh is very cold resistant. (rC++)
Your body sometimes deteriorates upon taking damage.
Your flesh is heat resistant. (rF+)
Your natural rate of healing is unusually fast.
Your muscles are strong. (Str +2)
You evolve.


Message History

The deep elf archer gestures at you while chanting.
You feel yourself slow down.
The deep elf archer shoots an arrow.
The arrow hits you.
You see here an arrow.
The deep elf archer unwields a +0 vorpal shortbow.
The deep elf archer wields a +0 short sword.
The deep elf archer hits you with a +0 short sword!
* * * LOW HITPOINT WARNING * * *
You closely miss the deep elf archer. Your grab misses the deep elf archer.
You pierce the deep elf archer!
Your squeeze misses the deep elf archer.
The deep elf archer is moderately wounded.
The deep elf archer blinks!
The deep elf archer unwields a +0 short sword.
The deep elf archer wields a +0 vorpal shortbow.
The deep elf archer shoots an arrow.
The arrow hits you!!
* * * LOW HITPOINT WARNING * * *
x2 The deep elf archer shoots an arrow.
The arrow hits you!
You die...
Your body crumbles into a pile of gold.

##### ###...###
##+.......###
#...........#
#.......ยง...#
#.....@.....#
+....$$.....#
#.$...$.....#
#(..........#
##...........#
##(##.(.....###
##.#####e.$###
##.## #####
#### ##.##


You could see a deep elf archer (repels missiles).

Vanquished Creatures
  Jorgrun (Swamp:3)
  Gastronok (Lair:3)
  3 thorn hunters
  Roxanne (Swamp:4)
  Donald (Swamp:1)
  A frost giant (IceCv)
  7 ghost moths
  Louise (Swamp:4)
  An emperor scorpion (Spider:4)
  An entropy weaver (Spider:2)
  A deep elf demonologist (Elf:1)
  3 spark wasps (Spider:4)
  Azrael (Spider:1)
  Fannar (Lair:3)
  16 hydras
  A two-headed ogre (D:8)
  A merfolk avatar (Lair:6)
  4 ghost crabs
  3 shambling mangroves
  15 alligators
  An orc high priest (Orc:2)
  8 death yaks
  The ghost of Elkerch the Archer, a novice CeAM of Okawaru (D:7)
  A wretched star (Abyss:2)
  15 deep elf knights
  Nergalle (Lair:2)
  16 swamp dragons
  6 deep elf archers
  3 spriggan druids
  A harpy (Lair:6)
  An orc knight (Orc:2)
  A wizard (Abyss:2)
  15 orb spiders
  27 wolf spiders
  5 orc sorcerers
  51 deep elf magi
  3 cyclopes
  2 moths of wrath (Spider:4)
  An ice statue (IceCv)
  2 torpor snails
  Joseph (D:9)
  14 spiny frogs
  2 gargoyles (D:10)
  8 elephants
  6 demonic crawlers
  2 rime drakes
  10 komodo dragons
  5 trolls
  15 polar bears
  25 hornets
  15 jumping spiders
  7 tyrant leeches
  3 wind drakes (Lair:6)
  16 bog bodies
  6 hippogriffs
  A raiju (Abyss:2)
  21 slime creatures
  3 blink frogs (Lair:3)
  A wraith (D:11)
  Sigmund (D:6)
  4 shadows
  59 redbacks
  4 spriggans
  An air elemental (Elf:1)
  20 tarantellas
  4 water elementals
  10 fire elementals
  28 yaks
  4 wyverns (Lair:6)
  29 vampire mosquitoes
  2 basilisks
  2 hungry ghosts
  A steam dragon (D:11)
  10 swamp worms
  15 insubstantial wisps
  17 water moccasins
  2 hell hounds (Spider:1)
  5 porcupines
  19 swamp drakes
  12 ice beasts
  23 orc warriors
  A sky beast (D:8)
  A black bear (Lair:2)
  7 ogres
  2 phantoms
  A necrophage (D:7)
  An eye of draining (D:10)
  39 wolves
  15 crocodiles
  8 centaurs
  2 big kobolds (D:8)
  7 earth elementals
  Blork the orc (D:4)
  13 bullfrogs
  An elf skeleton (D:7)
  A wyvern skeleton (D:8)
  A hornet simulacrum (D:7)
  12 scorpions
  6 killer bees
  3 vampire bats (D:4)
  A howler monkey (D:6)
  3 electric eels
  5 crimson imps
  A quasit (D:6)
  A bullfrog zombie (D:11)
  3 centaur zombies
  4 hounds
  2 jellies
  23 orc priests
  5 bullfrog skeletons
  A centaur skeleton (D:9)
  47 orc wizards
  An iron imp (D:11)
  3 human skeletons (D:7)
  A human zombie (Ossuary)
  Ijyb (D:4)
  Natasha (thrice) (D:3)
  2 iguanas
  2 hell rats (Lair:2)
  4 worker ants
  A big kobold zombie (Ossuary)
  3 mummies (Ossuary)
  A worker ant zombie (D:5)
  3 gnolls
  11 river rats
  7 scorpion zombies (Ossuary)
  12 adders
  A shadow imp (D:11)
  4 white imps (D:7)
  An ooze (Abyss:2)
  4 adder zombies
  3 adder skeletons
  A worm (D:2)
  A dart slug (D:3)
  An adder simulacrum (D:7)
  8 leopard geckos
  78 orcs
  4 bat skeletons (D:4)
  5 giant cockroaches
  2 gnoll zombies (Ossuary)
  10 hobgoblins
  9 jackals
  4 quokkas
  11 bats
  4 frilled lizards
  4 goblins
  A goblin zombie (Ossuary)
  4 hobgoblin zombies (Ossuary)
  11 kobolds
  A kobold zombie (Ossuary)
  2 orc skeletons (D:7)
  4 orc zombies (Ossuary)
  8 rats
  2 briar patches (Swamp:2)
  6 plants
1125 creatures vanquished.

Vanquished Creatures (collateral kills)
  Arachne (Spider:4)
  2 redbacks (Spider:4)
  An orc priest (D:3)
  2 orcs (D:3)
6 creatures vanquished.

Vanquished Creatures (others)
  22 dancing weapons
  3 polar bears (IceCv)
  A slime creature (Swamp:4)
  A scorpion (Ossuary)
  A white imp (D:11)
  An orc (D:11)
  An orc zombie (Ossuary)
  2 briar patches (Swamp:2)
  10 fungi
  14 plants
56 creatures vanquished.

Grand Total: 1187 creatures vanquished

Notes
Turn   | Place    | Note
-------+----------+-------------------------------------------
     0 | D:1      | H0rd4k the Octopode Transmuter began the quest for the Orb.
     0 | D:1      | Reached XP level 1. HP: 13/13 MP: 3/3
    90 | D:1      | Reached XP level 2. HP: 18/18 MP: 5/5
   867 | D:1      | Learned a level 2 spell: Sticks to Snakes
   927 | D:2      | Found a blossoming altar of Fedhas.
  1037 | D:2      | Reached XP level 3. HP: 23/23 MP: 6/6
  1042 | D:2      | Learned a level 3 spell: Spider Form
  1441 | D:2      | Reached skill level 1 in Stealth
  1724 | D:2      | Found a glowing golden altar of the Shining One.
  1793 | D:2      | Reached XP level 4. HP: 16/28 MP: 7/7
  2749 | D:3      | Reached XP level 5. HP: 25/33 MP: 1/9
  3131 | D:3      | Reached XP level 6. HP: 15/38 MP: 2/10
  3526 | D:4      | Found an opulent altar of Gozag.
  3695 | D:4      | Noticed Natasha
  3983 | D:4      | Found a staircase to the Ecumenical Temple.
  4475 | D:4      | Noticed Blork the orc
  4487 | D:5      | Entered Level 5 of the Dungeon
  4499 | D:4      | Became a worshipper of Gozag Ym Sagoz the Greedy
  4600 | D:5      | Noticed a sky beast
  4667 | D:3      | Killed Natasha
  4712 | D:3      | Noticed Natasha
  4718 | D:3      | Killed Natasha
  4718 | D:3      | Reached XP level 7. HP: 43/43 MP: 10/12
  4744 | D:3      | Noticed Natasha
  4751 | D:3      | Killed Natasha
  4964 | D:5      | Gained mutation: Your flesh is cold resistant. (rC+)
                  | [potion of mutation]
  4964 | D:5      | Gained mutation: You are weak. (Str -2) [potion of
                  | mutation]
  4964 | D:5      | Gained mutation: You evolve. [potion of mutation]
  5011 | D:4      | HP: 2/43 [scorpion (3)]
  5446 | D:5      | Reached skill level 5 in Unarmed Combat
  5779 | D:5      | Lost mutation: You are weak. (Str -2) [evolution]
  7090 | D:6      | Gained mutation: Your muscles are strong. (Str +2)
                  | [evolution]
  7253 | D:6      | Noticed Sigmund
  7331 | D:5      | Reached XP level 8. HP: 18/48 MP: 15/15
  7593 | D:6      | Killed Sigmund
  7593 | D:6      | Reached skill level 5 in Spellcasting
  7863 | D:6      | Got a warped kite shield
  7936 | D:6      | Identified the cursed +0 kite shield of the Dungeon {rElec
                  | rF+} (You found it on level 6 of the Dungeon)
  8253 | D:7      | Reached skill level 1 in Poison Magic
  8386 | D:7      | Found a sand-covered staircase.
  8458 | Ossuary  | Entered an ossuary
  9065 | Ossuary  | Reached skill level 5 in Transmutations
  9127 | Ossuary  | Reached XP level 9. HP: 42/54 MP: 17/17
  9804 | D:7      | Found a radiant altar of Vehumet.
  9880 | D:7      | Gained mutation: You are partially covered in slimy green
                  | scales. (AC +2) [evolution]
  9911 | D:7      | Found Gosan's Assorted Antiques.
  9969 | D:7      | Bought a scroll labeled WYARIT TAQAV for 32 gold pieces
  9969 | D:7      | Bought a sharpened lead wand for 128 gold pieces
  9969 | D:7      | Bought a scroll labeled TOFIHU LAMM for 32 gold pieces
 10013 | D:7      | Reached skill level 5 in Stealth
 10162 | D:7      | Found Kotyox's Weapon Shop.
 10412 | D:7      | Found a runed translucent gate.
 10412 | D:7      | Found a runed translucent gate.
 10412 | D:7      | Found a runed translucent gate.
 10454 | D:7      | Noticed Elkerch's ghost (novice CeAM)
 10570 | D:7      | Found an ornate altar of the Wu Jian Council.
 10588 | D:7      | Found Qulieng's Antique Weapon Emporium.
 10598 | D:7      | Bought an ebony shortbow for 152 gold pieces
 10662 | D:7      | Found Taxef's Assorted Antiques.
 10675 | D:7      | Found Ytwaeril's Assorted Antiques.
 10740 | D:7      | Bought a smoking lapis lazuli ring for 170 gold pieces
 10746 | D:7      | Bought a smoking zirconium amulet for 150 gold pieces
 10868 | D:7      | Identified the +8 shortbow "Fichycuu" {venom, Int+4} (You
                  | bought it in a shop on level 7 of the Dungeon)
 10872 | D:7      | Identified the amulet of Monul {Inacc rC+++} (You bought it
                  | in a shop on level 7 of the Dungeon)
 10873 | D:7      | Identified the ring of Gawk {*Corrode rN++ EV+4 Str-2
                  | Dex+8} (You bought it in a shop on level 7 of the Dungeon)
 10914 | D:8      | Noticed a two-headed ogre
 11183 | D:8      | Killed a two-headed ogre
 11183 | D:8      | Reached skill level 1 in Evocations
 11525 | D:8      | Reached XP level 10. HP: 61/61 MP: 19/19
 11801 | D:8      | Learned a level 2 spell: Swiftness
 11807 | D:8      | Learned a level 5 spell: Blade Hands
 12278 | D:8      | Reached skill level 1 in Charms
 12523 | D:9      | Reached skill level 1 in Air Magic
 12786 | D:9      | Noticed Joseph
 13194 | D:9      | Gained mutation: Your flesh is very cold resistant. (rC++)
                  | [evolution]
 13290 | D:10     | Entered Level 10 of the Dungeon
 13315 | D:10     | Found a shimmering altar of Xom.
 13318 | D:10     | Found a staircase to the Orcish Mines.
 13410 | D:10     | Found a shadowy altar of Dithmenos.
 13509 | D:10     | Noticed a gargoyle
 13517 | D:10     | Noticed a gargoyle
 14092 | D:10     | Killed a gargoyle
 14336 | D:10     | Killed a gargoyle
 14336 | D:10     | Reached XP level 11. HP: 50/66 MP: 21/21
 14640 | D:10     | Reached skill level 5 in Bows
 14755 | D:7      | Bought a thick runed staff for 408 gold pieces
 14755 | D:7      | Bought a potion of heal wounds for 170 gold pieces
 14755 | D:7      | Bought a potion of heal wounds for 170 gold pieces
 14755 | D:7      | Bought a blue potion for 30 gold pieces
 14755 | D:7      | Bought a short fluorescent wand for 136 gold pieces
 14864 | D:7      | Bought a scroll of identify for 64 gold pieces
 14894 | D:7      | Identified a scroll of acquirement
 14894 | D:7      | Acquired 2150 gold pieces
 15076 | D:4      | Killed Blork the orc
 15219 | D:4      | Found an ancient bone altar of Kikubaaqudgha.
 15281 | D:4      | Noticed Ijyb
 15289 | D:4      | Killed Ijyb
 15622 | D:9      | Killed Joseph
 15781 | D:11     | Noticed a cyclops
 15790 | D:11     | Killed a cyclops
 15891 | D:11     | Found a staircase to the Lair.
 15948 | D:11     | Noticed a deep elf mage
 16176 | D:11     | Killed a deep elf mage
 16245 | D:11     | Noticed a deep elf mage
 16252 | D:11     | Killed a deep elf mage
 16281 | D:11     | Learned a level 2 spell: Blink
 17235 | Lair:1   | Entered Level 1 of the Lair of Beasts
 18214 | Lair:2   | Noticed Nergalle
 18220 | Lair:2   | Killed Nergalle
 18220 | Lair:2   | Reached XP level 12. HP: 75/75 MP: 22/22
 18281 | Lair:2   | You fall into a shaft and drop 2 floors!
 18363 | Lair:4   | Gained mutation: One of your tentacles bears a spike.
                  | [evolution]
 18399 | Lair:4   | Noticed a death yak
 18403 | Lair:4   | Noticed a death yak
 18638 | Lair:4   | Reached skill level 10 in Bows
 18662 | Lair:4   | Noticed a death yak
 18725 | Lair:3   | Reached skill level 10 in Unarmed Combat
 18798 | Lair:3   | Reached skill level 5 in Fighting
 18858 | Lair:2   | Reached skill level 5 in Dodging
 19629 | D:11     | Bought an uncursed ring of see invisible for 210 gold
                  | pieces
 19629 | D:11     | Bought the ring "Sairyth" {Wiz rElec Slay+2 Stlth+} for 772
                  | gold pieces
 19629 | D:11     | Bought the ring of Vexy {rC+ rN+ rCorr Stlth+} for 574 gold
                  | pieces
 19629 | D:11     | Bought the ring "Xoequr" {rF++ AC+4} for 847 gold pieces
 19873 | Lair:3   | Noticed Gastronok
 19889 | Lair:3   | Killed Gastronok
 20246 | Lair:3   | Noticed Fannar
 20249 | Lair:3   | Found a staircase to the Swamp.
 20255 | Lair:3   | Killed Fannar
 20840 | Lair:3   | Reached XP level 13. HP: 82/82 MP: 24/24
 21187 | Lair:3   | Gained mutation: Your flesh is heat resistant. (rF+)
                  | [evolution]
 21541 | Lair:4   | Found a hole to the Spider Nest.
 22018 | Lair:5   | Found a frozen archway.
 22086 | IceCv    | Entered an ice cave
 22172 | IceCv    | Got a smoking iron ring
 22174 | IceCv    | Identified the ring "Zizib" {*Slow +Fly MP+9 Str+8} (You
                  | found it in an ice cave)
 23043 | IceCv    | Noticed a frost giant
 23180 | IceCv    | Reached skill level 10 in Stealth
 23249 | IceCv    | Killed a frost giant
 24403 | Lair:6   | Entered Level 6 of the Lair of Beasts
 24430 | Lair:6   | Reached XP level 14. HP: 90/90 MP: 26/26
 25609 | Lair:6   | Found a staircase to the Slime Pits.
 25610 | Lair:6   | Found a viscous altar of Jiyva.
 25767 | Lair:6   | Learned a level 3 spell: Ignite Poison
 25955 | Lair:6   | Got a shimmering brass amulet
 26230 | Lair:6   | Identified the amulet of Fedhas's Anger {Acrobat rPois}
                  | (You found it on level 6 of the Lair of Beasts)
 26298 | Lair:6   | Learned a level 4 spell: Olgreb's Toxic Radiance
 26513 | Orc:1    | Entered Level 1 of the Orcish Mines
 26513 | Orc:1    | Found a roughly hewn altar of Beogh.
 26762 | Orc:1    | Found Gijurghi's General Store.
 27359 | Orc:2    | Entered Level 2 of the Orcish Mines
 27442 | Orc:2    | Found a staircase to the Elven Halls.
 27936 | Orc:2    | Paralysed by an orc sorcerer for 5 turns
 28032 | Orc:2    | Found Xoocsuxkaa's Food Boutique.
 28034 | Orc:2    | Found Juasouka's Weapon Boutique.
 28035 | Orc:2    | Found Zedeowk's Antique Weapon Shop.
 28068 | Orc:2    | Found Dumixuj's Jewellery Shop.
 28096 | Orc:2    | Bought the ring of Shadows {Umbra +Inv Stlth+} for 400 gold
                  | pieces
 28096 | Orc:2    | Found the ring of Shadows {Umbra +Inv Stlth+}
 28341 | Orc:2    | Gained mutation: One of your tentacles bears a nasty spike.
                  | [evolution]
 28552 | Orc:2    | Bought a ration for 55 gold pieces
 28552 | Orc:2    | Bought a ration for 55 gold pieces
 28552 | Orc:2    | Bought a ration for 55 gold pieces
 28552 | Orc:2    | Bought a ration for 55 gold pieces
 28552 | Orc:2    | Bought a ration for 55 gold pieces
 28552 | Orc:2    | Bought a ration for 55 gold pieces
 28552 | Orc:2    | Bought a ration for 55 gold pieces
 28552 | Orc:2    | Bought a ration for 55 gold pieces
 28552 | Orc:2    | Bought a ration for 55 gold pieces
 28552 | Orc:2    | Bought a ration for 55 gold pieces
 28552 | Orc:2    | Bought a ration for 55 gold pieces
 28629 | D:11     | Bought the ring "Venuwn" {rElec AC+4 Int-3 SInv} for 718
                  | gold pieces
 28655 | D:11     | Bought a book of Transfigurations for 715 gold pieces
 28661 | D:11     | Learned a level 5 spell: Irradiate
 28728 | Swamp:1  | Entered Level 1 of the Swamp
 28779 | Swamp:1  | Reached skill level 1 in Conjurations
 29178 | Swamp:1  | Noticed Donald
 29627 | Swamp:1  | Reached skill level 1 in Fire Magic
 29636 | Swamp:1  | Reached XP level 15. HP: 100/100 MP: 27/27
 30817 | D:7      | Killed Elkerch's ghost
 31256 | Swamp:1  | Killed Donald
 31256 | Swamp:1  | Reached skill level 1 in Translocations
 31530 | Swamp:1  | Found an ancient bone altar of Kikubaaqudgha.
 32804 | Swamp:2  | Noticed a thorn hunter
 32810 | Swamp:2  | Killed a thorn hunter
 32812 | Swamp:2  | Noticed a thorn hunter
 33317 | Swamp:2  | Killed a thorn hunter
 33681 | Swamp:3  | Noticed Jorgrun
 33699 | Swamp:3  | Killed Jorgrun
 33699 | Swamp:3  | Reached skill level 10 in Fighting
 33898 | Swamp:3  | Reached XP level 16. HP: 109/109 MP: 29/29
 34649 | Swamp:4  | Entered Level 4 of the Swamp
 34753 | Swamp:4  | Noticed Roxanne
 35301 | Swamp:3  | Learned a level 6 spell: Hydra Form
 36328 | Swamp:4  | Noticed Louise
 36358 | Swamp:4  | Killed Louise
 36447 | Swamp:4  | Reached skill level 10 in Spellcasting
 36778 | Swamp:4  | Noticed a thorn hunter
 36793 | Swamp:4  | Killed a thorn hunter
 37050 | Swamp:4  | Got a decaying rune of Zot
 37366 | Swamp:4  | Killed Roxanne
 37867 | Swamp:4  | Learned a level 6 spell: Statue Form
 37979 | Spider:1 | Entered Level 1 of the Spider Nest
 38108 | Spider:1 | Noticed Azrael
 38595 | Spider:1 | Reached XP level 17. HP: 113/117 MP: 26/31
 39155 | Spider:1 | Reached skill level 10 in Transmutations
 39558 | Spider:1 | Killed Azrael
 40632 | Spider:2 | Gained mutation: Your natural rate of healing is unusually
                  | fast. [evolution]
 40708 | Spider:3 | Identified the Guide on the Creative Snowflakes
 41472 | Spider:3 | Reached skill level 15 in Bows
 41644 | Spider:4 | Entered Level 4 of the Spider Nest
 42092 | Spider:4 | Noticed Arachne
 42109 | Spider:4 | Killed Arachne
 43323 | Spider:4 | Reached XP level 18. HP: 125/125 MP: 6/33
 43609 | Spider:4 | Got a gossamer rune of Zot
 43998 | D:11     | Bought a ration for 75 gold pieces
 43998 | D:11     | Bought a ration for 75 gold pieces
 43998 | D:11     | Bought a potion of invisibility for 120 gold pieces
 44069 | Elf:1    | Entered Level 1 of the Elven Halls
 44188 | Elf:1    | Found a flickering gateway to a bazaar.
 44201 | Bazaar   | Entered a bazaar
 44213 | Bazaar   | Found Niuloy's Armour Shop.
 44229 | Bazaar   | Found Xagyuhiwk's Magic Scroll Shoppe.
 44244 | Bazaar   | Found Liev's Distillery.
 44274 | Bazaar   | Found Cukkohez's Assorted Antiques.
 44282 | Bazaar   | Bought a twitching ivory amulet for 130 gold pieces
 44282 | Bazaar   | Bought a hardcover book for 390 gold pieces
 44288 | Bazaar   | Found Yckeluur's Food Emporium.
 44376 | Bazaar   | Bought a potion of berserk rage for 130 gold pieces
 44405 | Bazaar   | Bought a potion of might for 60 gold pieces
 44405 | Bazaar   | Bought a potion of invisibility for 120 gold pieces
 44405 | Bazaar   | Bought a potion of might for 60 gold pieces
 44560 | Elf:1    | Identified the amulet of Lust {RegenMP rPois} (You bought
                  | it in a shop in a bazaar)
 44635 | Elf:1    | Reached skill level 15 in Unarmed Combat
 44823 | Elf:1    | Cast into level 2 of the Abyss (a deep elf demonologist)
 45146 | Abyss:2  | Gained mutation: Your body sometimes deteriorates upon
                  | taking damage. [a neqoxec]
 45487 | Abyss:2  | Noticed a bone dragon
 45539 | Elf:1    | Escaped the Abyss
 45555 | Elf:1    | Identified the Reference Book on Creation
 45711 | Elf:1    | Found a shimmering blue altar of Sif Muna.
 46530 | Elf:2    | Got a transparent zirconium amulet
 46684 | Elf:2    | Found Momu's Weapon Shop.
 46828 | Elf:2    | Found a shimmering blue altar of Sif Muna.
 46866 | Elf:2    | Found a runed translucent gate.
 46868 | Elf:2    | Found a runed translucent gate.
 46869 | Elf:2    | Found a runed translucent gate.
 47034 | Elf:2    | Gained mutation: You are surrounded by a mild repulsion
                  | field. (EV +2) [evolution]
 47717 | Elf:3    | Entered Level 3 of the Elven Halls
 48057 | Elf:3    | Identified the Compendium of Creation and Poisoning
 48072 | Elf:3    | Identified the amulet "Xukaytze" {Regen+ Int+4 Dex-3 Slay+3
                  | SInv} (You found it on level 2 of the Elven Halls)
 48131 | Elf:3    | Reached XP level 19. HP: 131/131 MP: 29/35
 48313 | Elf:3    | Shot with an arrow by a deep elf archer

Illustrated notes

Levels and vault maps discovered:
D:1:      tarquinn_simple_flora_water_b, layout_basic
D:2:      layout_basic, lemuel_coloured_pillars_altar, fedhas_ov_isle_minmay,
          first_ration, minmay_between
D:3:      layout_rooms, minmay_close_crescents
D:4:      layout_layer_cave, grunt_gozag_breadcrumbs, kennysheep_vampire_church,
          temple_statues, uniq_ijyb, uniq_natasha, uniq_blork_the_orc
D:5:      layout_loops_corners
D:6:      layout_basic, minmay_misc_feat_hallway, uniq_sigmund
D:7:      layout_cave_pods, lemuel_doored_altar, vehumet_altar_wand_db,
          serial_shops, shop, nicolae_shop_crystal, nicolae_shop_statue_plus,
          shop_fountains, nicolae_shop_statue_plus, gammafunk_ghost_icy,
          nicolae_ossuary_entry_catacombs
D:8:      layout_loops_cross, blue_anna_alchemist [blue_anna_fruit_fields,
          blue_anna_fruit_fields], chequers_serial_rivers_micro_e
D:9:      layout_basic, uniq_joseph
D:10:     layout_rooms, orc_0_dummy, basic_altar, minivault_22,
          kennysheep_flooded_box, lemuel_another_geyser
D:11:     layout_irregular_city, david_lair_shrubbed, hangedman_minor_magic
Lair:1:   layout_gridlike
Lair:2:   layout_chaotic_city, kennysheep_rathole, lemuel_fruit_fields,
          uniq_nergalle
Lair:3:   layout_chaotic_city, swamp_mist, pond, grunt_megastairs_2,
          uniq_fannar, uniq_gastronok
Lair:4:   layout_cave_shapes, spider_nest_entry_rubble,
          nicolae_volcano_entry_s_turn, infiniplex_staircase_pool
Lair:5:   layout_regular_city, portal_ice_cave_entry_ice_beasts
Lair:6:   gammafunk_lair_ancient_temple, layout_loops_ring, slime_altar_1
Swamp:1:  layout_basic_swamp, evilmike_swamp_ruin_rubble_2, swamp_pool4,
          grunt_ruined_hall, uniq_donald
Swamp:2:  layout_falls_marsh, hangedman_swamp_diagram, swamp_pool1
Swamp:3:  layout_falls_marsh, evilmike_swamp_ruin_house_2, uniq_jorgrun
Swamp:4:  swamp_basic_johnstein, layout_basic_swamp, uniq_louise, uniq_roxanne
Spider:1: layout_spider_delve, nicolae_spider_webbed_stairs, uniq_azrael
Spider:2: layout_spider_delve
Spider:3: layout_spider_delve, drop_trap, nicolae_spider_cling_halls
Spider:4: spider_rune_water, spiders_nest_hornet_nest, uniq_arachne
Orc:1:    nicolae_orc_accident_3, layout_diamond_mine, serial_shops,
          nicolae_shop_trees, basic_altar
Orc:2:    st_orc_mages, layout_caves
Elf:1:    eino_elf_arrival_customs, layout_geoelf_diagonals, basic_altar,
          serial_shops, bzr_in_the_mist, minmay_elf_demonology, minivault_25
Elf:2:    layout_gridlike, serial_shops,
          nicolae_shop_temple_entry_statues_fountains, lemuel_blue_sif_altar
Elf:3:    minmay_elf_hall, layout_geoelf_castle

Skill      XL: |  1  2  3  4  5  6  7  8  9 10 11 12 13 14 15 16 17 18 |
---------------+-------------------------------------------------------+-----
Unarmed Combat | 4 5 6 8 9 10 11 12 13 14 15 | 15.9
Stealth        | 1 2 3 4 7 8 9 10 11 12 | 12.7
Spellcasting   | 3 4 5 6 7 8 9 10 11 12 | 12.1
Transmutations | 3 4 5 6 7 8 9 11 12 | 12.1
Dodging        | 3 4 5 6 7 8 9 |  9.3
Poison Magic   | 1 2 3 |  3.5
Fighting       | 2 4 5 6 8 10 11 | 11.9
Bows           | 2 4 9 10 12 13 14 15 | 15.1
Evocations     | 1 2 |  2.2
Charms         | 1 2 |  2.2
Air Magic      | 2 |  2.6
Conjurations   | 2 4 |  4.5
Fire Magic     | 1 2 |  2.3
Translocations | 1 2 |  2.5
Staves         | |  0.4
Throwing       | |  0.7

Action                   |  1- 3 |  4- 6 |  7- 9 | 10-12 | 13-15 | 16-18 | 19-21 || total
-------------------------+-------+-------+-------+-------+-------+-------+-------++-------
Melee: Unarmed           |    77 |   109 |   334 |   270 |   236 |   641 |    13 ||  1680
       Tentacles         |    13 |    16 |    63 |    69 |    69 |   109 |     1 ||   340
       Constrict         |    13 |    22 |    63 |    71 |    20 |    93 |     2 ||   284
       Punch             |     2 |     2 |    16 |    33 |    25 |    60 |     1 ||   139
       Kick              |       |     2 |    37 |    78 |   105 |   193 |     4 ||   419
       Staff             |       |       |       |       |       |     3 |       ||     3
 Fire: Shortbow          |       |       |     4 |   279 |   999 |   601 |       ||  1883
Throw: Dart              |       |     6 |     1 |     2 |       |     6 |       ||    15
 Cast: Sticks to Snakes  |       |    11 |     1 |       |    14 |    11 |       ||    37
       Spider Form       |       |     4 |    11 |     4 |       |       |       ||    19
       Beastly Appendage |       |     3 |    25 |    18 |       |       |       ||    46
       Blade Hands       |       |       |       |    10 |    20 |    22 |       ||    52
       Swiftness         |       |       |       |     2 |     6 |     1 |       ||     9
       Ignite Poison     |       |       |       |       |    18 |    11 |       ||    29
       Olgreb's Toxic Ra |       |       |       |       |     4 |       |       ||     4
       Blink             |       |       |       |       |     3 |     7 |       ||    10
       Hydra Form        |       |       |       |       |       |    16 |       ||    16
       Statue Form       |       |       |       |       |       |     1 |       ||     1
       Irradiate         |       |       |       |       |       |     1 |       ||     1
Invok: Call Merchant     |       |       |       |     1 |     2 |     2 |       ||     5
Evoke: Wand              |       |       |     9 |     3 |    11 |     5 |       ||    28
       Lightning rod     |       |       |       |       |     3 |     1 |       ||     4
       Box of beasts     |       |       |       |       |     1 |     1 |       ||     2
       Tin of tremorston |       |       |       |       |       |     1 |       ||     1
  Use: Potion            |       |     5 |     7 |     3 |     5 |     2 |     1 ||    23
       Scroll            |       |       |    13 |    13 |     4 |    11 |       ||    41
 Stab: Sleeping          |     7 |     3 |    16 |    12 |     1 |    41 |     1 ||    81
       Distracted        |       |     2 |     1 |     3 |     3 |    14 |       ||    23
       Held in net/web   |       |       |       |       |       |     1 |       ||     1
  Eat: Chunk             |     3 |     6 |       |       |       |       |       ||     9
       Ration            |       |     1 |     7 |     9 |    13 |    16 |       ||    46
Armor: Skin              |     9 |    23 |    39 |    17 |    47 |   176 |     2 ||   313
Dodge: Dodged            |    59 |    87 |   146 |   204 |   331 |   781 |    10 ||  1618
Block: Other             |       |       |       |    17 |       |       |       ||    17
